 Dungeon Crawl Stone Soup version 0.18-a0-1789-gbeff17f (webtiles) character file.

30 macross the Conjurer (level 2, -3/20 HPs)
             Began as a Demigod Conjurer on Apr 21, 2016.
             Slain by a worm (12 damage)
             ... on level 1 of the Dungeon.
             The game lasted 00:07:28 (1750 turns).

macross the Conjurer (Demigod Conjurer)             Turns: 1750, Time: 00:07:29

Health: -3/20      AC:  2    Str: 11    XL:     2   Next: 87%
Magic:  4/7        EV:  7    Int: 19    God:
Gold:   90         SH:  0    Dex: 16    Spells: 2 memorised, 1 level left

rFire  . . .     SeeInvis .     (no weapon)
rCold  . . .     Gourm    .     a - +0 robe
rNeg   . . .     Faith    .     (no shield)
rPois  .         Spirit   .     (no helmet)
rElec  .         Dismiss  .     (no cloak)
rCorr  .         Reflect  .     (no gloves)
SustAt +         Harm     .     (no boots)
MR     .....                    (no amulet)
Stlth  ++........               (no ring)
                                (no ring)

@: not resistant to hostile enchantments, unstealthy
A: high mp 1, sustain attributes
a: no special abilities


You were on level 1 of the Dungeon.
You were full.

You visited 1 branch of the dungeon, and saw 2 of its levels.

You collected 90 gold pieces.

Inventory:

Armour
 a - a +0 robe (worn)
Scrolls
 e - a scroll of recharging {unknown}
 f - a scroll of blinking {unknown}
 i - a scroll of identify {unknown}
 j - a scroll of remove curse
Potions
 d - a potion of magic {unknown}
 g - a potion of curing {unknown}
 h - a potion of heal wounds {unknown}
 k - a potion of agility {unknown}
Books
 b - a book of Conjurations

   Spells                             Type                      Level
   a - Magic Dart                     Conjuration                  1
   b - Searing Ray                    Conjuration                  2
   c - Dazzling Spray                 Conjuration/Hexes            3
   d - Fulminant Prism                Conjuration/Hexes            4
   e - Iskenderun's Mystic Blast      Conjuration                  4
   f - Iskenderun's Battlesphere      Conjuration/Charms           5


   Skills:
 + Level 1.7 Dodging
 + Level 1.7 Stealth
 + Level 0.1 Unarmed Combat
 + Level 1.8 Spellcasting
 + Level 4.4 Conjurations


You had one spell level left.
You knew the following spells:

 Your Spells              Type           Power        Failure   Level  Hunger
a - Magic Dart            Conj           ###.         3%          1    #......
b - Searing Ray           Conj           ###...       6%          2    ###....


Dungeon Overview and Level Annotations

Branches:
Dungeon (2/15)


Innate Abilities, Weirdness & Mutations

You have an increased reservoir of magic (+10% MP).
Your attributes are resistant to harm.


Message History

Confirm with . or Enter, or press ? or * to list all spells.
You don't have enough magic to cast that spell.
Unknown command.
The worm bites you!
Ouch! That really hurt!
Your magical contamination has completely faded away.
There is a stone staircase leading up here.
You can't go down here!
You climb upwards.
There is a stone staircase leading down here.
Unknown command.
Unknown command.
You climb downwards.
The worm bites you.
There is a stone staircase leading up here.
You can't go down here!
You climb upwards.
There is a stone staircase leading down here.
The worm bites you!
Ouch! That really hurt!
You die...

#.####.##).##.# ##.. #.#
#.#...##.# ##. #.# #.#.#.##.# ##
##.# #.#.#.##.############## #
...####.....##.#......[.....# #
#####..........#.##########.# #
#.#.....####.# #.#
#####.#.#.#.####w# #.#
................@# #.#
..........#..##############.#####
.....#.#####.# #....†..........
.###.#.# #.# #.##########.###
..##.#.# #.# #.# #.#
#.##.#.#####.# #.# #.#
#............# ##.## #.#
####.#.##########...#### #.#
#.#.# #..........# #.#


You could see a worm.

Vanquished Creatures
  2 dart slugs
  6 bats
  2 goblins (D:1)
  6 hobgoblins
  2 kobolds (D:1)
  A quokka (D:2)
  2 giant newts
  5 rats (D:1)
26 creatures vanquished.

Notes
Turn   | Place    | Note
--------------------------------------------------------------
     0 | D:1      | macross the Demigod Conjurer began the quest for the Orb.
     0 | D:1      | Reached XP level 1. HP: 14/14 MP: 5/5
   207 | D:1      | Reached skill level 4 in Conjurations
   315 | D:1      | Reached XP level 2. HP: 20/20 MP: 4/7
   518 | D:1      | Learned a level 2 spell: Searing Ray
  1194 | D:2      | Found a burning altar of Makhleb.
  1750 | D:1      | Slain by a worm

Vault maps used:
D:1:      onia_arrival_mini_spirals
D:2:      first_bread, lemuel_statue_altar

Skill      XL: |  1 |
---------------+----+-----
Conjurations   | 4 |  4.4
Dodging        | |  1.7
Stealth        | |  1.7
Unarmed Combat | |  0.1
Spellcasting   | |  1.8

Action                   || total
-------------------------++-------
Melee: Unarmed           ||    17
 Cast: Magic Dart        ||    56
       Searing Ray       ||     8
  Use: Scroll            ||     1
  Eat: Bread ration      ||     2
Armor: Robe              ||     2
Dodge: Dodged            ||    13
